 Dungeon Crawl Stone Soup version 0.28.0-43-g3370ac3207 (webtiles) character file.

Game seed: 18072779222238054731

170 pkoi the Gusty (level 5, -10/31 HPs)
             Began as an Octopode Air Elementalist on Mar 17, 2022.
             Killed by nerve-wracking pain
             ... invoked by an orc priest
              (13 damage)
             ... on level 4 of the Dungeon.
             The game lasted 00:08:56 (5832 turns).

pkoi the Gusty (Octopode Air Elementalist)          Turns: 5832, Time: 00:08:57

Health: -10/31     AC:  1    Str:  8    XL:     5   Next: 50%
Magic:  2/8        EV: 13    Int: 19    God:
Gold:   101        SH:  0    Dex: 12    Spells: 3/9 levels left

rFire   + . .      SeeInvis .   t - staff of air
rCold   + . .      Faith    .   (no shield)
rNeg    . . .      Spirit   .   (helmet restricted)
rPois   +          Reflect  .   (no amulet)
rElec   +          Harm     .   (no ring)
rCorr   +          Rampage  .   (no ring)
Will    .....                   (no ring)
Stlth   +++.......              (no ring)
HPRegen 0.10/turn               (no ring)
MPRegen 0.11/turn               (no ring)
                                (no ring)
                                (no ring)

@: resistant
A: almost no armour, amphibious, 8 rings, camouflage 1, gelatinous body 1,
(nimble swimmer 1), tentacles
a: no special abilities


You were on level 4 of the Dungeon.
You visited 1 branch of the dungeon, and saw 4 of its levels.
You also visited: Sewer.

You collected 101 gold pieces.

Inventory:

Hand Weapons
 b - a +0 short sword of speed
 d - a +0 short sword
 f - a +1 dagger of holy wrath
Missiles
 a - 5 atropa-tipped darts
Magical Staves
 t - a staff of air (weapon)
Scrolls
 e - a scroll of identify
 h - 2 scrolls of fear {unknown}
 i - 2 scrolls of blinking
 j - a scroll of summoning {unknown}
 k - 2 scrolls of enchant armour {unknown}
 n - a scroll of noise {unknown}
 q - a scroll of fog {unknown}
 r - a scroll of vulnerability {unknown}
Potions
 c - 2 potions of mutation
 g - a potion of haste
 m - a potion of might {unknown}
 o - a potion of brilliance {unknown}
 p - a potion of magic {unknown}
 s - a potion of degeneration {unknown}


   Skills:
 - Level 2.0 Dodging
 - Level 2.6 Stealth
 + Level 2.5 Spellcasting
 - Level 1.0 Conjurations
 * Level 5.7 Air Magic


You had 3 spell levels left.
You knew the following spells:

 Your Spells              Type           Power      Damage    Failure   Level
a - Shock                 Conj/Air       88%        1d8       4%          1
b - Swiftness             Air            36%        N/A       4%          3
c - Static Discharge      Conj/Air       22%        N/A       6%          2

Your spell library contained the following spells:

 Spells                   Type           Power      Damage    Failure   Level
 Corpse Rot               Necr/Air       38%        N/A       8%          2
 Apportation              Tloc           4%         N/A       16%         1
 Airstrike                Air            18%        N/A       16%         4
 Dispel Undead            Necr           2%         3d7       85%         4
 Alistair's Intoxication  Tmut/Pois      1%         N/A       99%         5
 Death Channel            Necr           1%         N/A       100%        6


Dungeon Overview and Level Annotations

Branches:
Dungeon (4/15)              Sewer (visited)
 Temple: D:4-7

Altars:
Xom

Shops:
D:3 [

Annotations:
D:3 Terence


Innate Abilities, Weirdness & Mutations

You cannot wear most types of armour.
You are amphibious.
You can wear up to eight rings at the same time.
Your skin changes colour to match your surroundings (Stealth+).
Your rubbery body absorbs attacks. (AC +1, EV +1)
((You are camouflaged when in or above water. (Stealth+)))
You have tentacles for arms and can constrict up to eight enemies at once.


Message History

Aiming: Shock (safe; 4% risk of failure)
Press: ? - help, Q - select action, (/) - cycle Shift-Dir - straight line, f/p - orc wizard
Aim: an orc wizard, wielding a +0 dagger and wearing a +0 robe of positive energy (moderately wounded, 67% to hit)
You feel a surge of power!
The zap misses the orc wizard.
The zap hits the orc priest.
The orc priest is severely wounded.
The orc wizard hits you with a +0 dagger.
The orc wizard gestures at you while chanting.
You are confused.
The orc priest calls down the wrath of Beogh upon you.
Beogh smites you!
* * * LOW HITPOINT WARNING * * *
There is an open door here.
You bump into the rock wall.
You bump into the rock wall.
You feel less confused.
The orc wizard hits you with a +0 dagger.
* * * LOW HITPOINT WARNING * * *
The orc priest begins to cast a cantrip, but forgets the words!
The orc wizard gestures at you while chanting.
You are confused.
You see here a goblin skeleton.
The orc priest miscasts a cantrip.
You bump into the rock wall.
The orc priest invokes the aid of Beogh against you.
You barely resist.
You bump into the rock wall.
The orc wizard barely misses you.
The orc priest mumbles some strange prayers to Beogh against you.
Pain shoots through your body!
* * * LOW HITPOINT WARNING * * *
You bump into the rock wall.
You feel less confused.
The orc wizard hits you with a +0 dagger.
* * * LOW HITPOINT WARNING * * *
It was a potion of resistance.
You feel protected. The orc wizard closely misses you.
The orc priest invokes the aid of Beogh against you.
Pain shoots through your body!
You die...

#....÷.........(..# #.#
###..####.###.###.###.#
#..####.# #.........#
#..)..(.# ##...#.####
##o###### #.##.## ##..÷##
#.#### ##.....## #.#
#......o## ##.###
#.......@.####....#######
+.........'....#.........
#.........###.#.#.#.#####
##.......###.#.###.#.#
##.....## ##.#.#<#.##
##...## ##.#...## ##+#
##.#.## ###.# #.#


You could see an orc priest and an orc wizard.

Vanquished Creatures
  A jelly (D:3)
  3 gnolls (D:3)
  3 adders
  2 worms
  A dart slug (D:1)
  3 orcs (D:4)
  7 ball pythons
  5 endoplasms
  3 giant cockroaches (D:1)
  8 goblins
  8 hobgoblins
  An iguana (D:3)
  2 quokkas (D:1)
  3 bats
  4 frilled lizards
  12 kobolds
  6 rats
72 creatures vanquished.

Vanquished Creatures (others)
  7 plants (D:3)
7 creatures vanquished.

Grand Total: 79 creatures vanquished

Notes
Turn   | Place    | Note
-------+----------+-------------------------------------------
     0 | D:1      | pkoi the Octopode Air Elementalist began the quest for the
                  | Orb.
     0 | D:1      | Reached XP level 1. HP: 11/11 MP: 3/3
   267 | D:1      | Reached XP level 2. HP: 15/17 MP: 3/5
   658 | D:1      | Reached skill level 4 in Air Magic
   680 | D:1      | Reached XP level 3. HP: 12/21 MP: 1/6
  1017 | D:1      | Found a faded altar of an unknown god.
  2101 | D:2      | Reached XP level 4. HP: 11/27 MP: 1/7
  2322 | D:1      | Learned a level 3 spell: Swiftness
  2325 | D:1      | Learned a level 2 spell: Static Discharge
  2932 | D:3      | Found Zeeluwn's Armour Shoppe.
  2941 | D:3      | Found a shimmering altar of Xom.
  3003 | D:3      | Found a glowing drain.
  3012 | Sewer    | Entered a sewer
  3100 | Sewer    | Reached skill level 5 in Air Magic
  3307 | Sewer    | Noticed a kobold brigand
  3950 | D:3      | Noticed Terence
  4252 | D:3      | Reached XP level 5. HP: 5/31 MP: 0/8
  5832 | D:4      | Killed from afar by an orc priest

Illustrated notes

Levels and vault maps discovered:
D:1:      mrwooster_arrival_arrow, layout_rooms,
          hellmonk_ecumenical_altar_leap_of_faith, serial_glass,
          glass_columns_a, glass_columns_a, st_stairs_2, minmay_split_cup_large
D:2:      layout_basic
D:3:      layout_basic, dk_xom_monty_hall, serial_shops, shop,
          cheibrodos_sewer_entry_bend, st_stairs_7, serial_bayou_lagoon_a,
          kennysheep_generic_room_10, uniq_terence
D:4:      layout_loops_corners, minmay_circle_x

Skill      XL: |  1  2  3  4 |
---------------+-------------+-----
Air Magic      | 4 5 |  5.7
Dodging        | |  2.0
Stealth        | |  2.6
Spellcasting   | |  2.5
Conjurations   | |  1.0

Action                   |  1- 3 |  4- 6 || total
-------------------------+-------+-------++-------
Melee: Unarmed           |     2 |       ||     2
       Constrict         |    10 |     3 ||    13
       Tentacles         |     4 |     1 ||     5
       Short sword       |    23 |     8 ||    31
       Dagger            |     5 |       ||     5
 Cast: Shock             |    51 |    96 ||   147
  Use: Scroll            |     3 |     1 ||     4
       Potion            |       |     2 ||     2
Armor: Skin              |     3 |       ||     3
Dodge: Dodged            |    23 |    20 ||    43
